 Dungeon Crawl Stone Soup version 0.22-a0-570-g58866f5 (webtiles) character file.

95 Lianjan the Chucker (level 4, -7/48 HPs)
             Began as an Ogre Hunter on July 1, 2018.
             Mangled by a gnoll
             ... wielding a +0 halberd
              (8 damage)
             ... on level 3 of the Dungeon.
             The game lasted 00:05:26 (3698 turns).

Lianjan the Chucker (Ogre Hunter)                   Turns: 3698, Time: 00:05:27

Health: -7/48      AC:  3    Str: 16    XL:     4   Next: 66%
Magic:  4/4        EV: 10    Int: 13    God:
Gold:   135        SH:  0    Dex:  9    Spells: 3/3 levels left

rFire    . . .     SeeInvis .   q - +0 mace
rCold    . . .     Gourm    .   (no shield)
rNeg     . . .     Faith    .   b - +0 robe
rPois    .         Spirit   .   (helmet restricted)
rElec    .         Reflect  .   (no cloak)
rCorr    .         Harm     .   (gloves unavailable)
MR       .....                  (boots unavailable)
Stlth    +.........             (no amulet)
HPRegen  0.16/turn              o - ring of wizardry
MPRegen  0.09/turn              (no ring)

@: no status effects
A: large, unfitting armour, tough skin 1
a: no special abilities


You were on level 3 of the Dungeon.
You were not hungry.

You visited 1 branch of the dungeon, and saw 3 of its levels.

You collected 135 gold pieces.

Inventory:

Hand Weapons
 q - a +0 mace (weapon)
Missiles
 n - 39 stones (quivered)
 s - 17 poisoned needles
Armour
 b - a +0 robe (worn)
Jewellery
 o - a ring of wizardry (left hand)
Scrolls
 a - 2 scrolls of fear {unknown}
 e - a scroll of random uselessness {unknown}
 g - 2 scrolls of remove curse {unknown}
 h - 2 scrolls of teleportation {unknown}
 i - a scroll of noise {unknown}
 l - 2 scrolls of identify {unknown}
Potions
 j - a potion of invisibility {unknown}
 k - 3 potions of heal wounds {unknown}
 m - a potion of lignification {unknown}
 p - a potion of resistance {unknown}
Comestibles
 f - 8 rations
 r - a chunk of flesh


   Skills:
 + Level 3.6 Fighting
 * Level 1.7 Maces & Flails
 + Level 4.5 Throwing
 + Level 2.4 Dodging
 - Level 1.0 Stealth


You had 3 spell levels left.
You didn't know any spells.
Your spell library was empty.

Dungeon Overview and Level Annotations

Branches:
Dungeon (3/15)

Altars:


Innate Abilities, Weirdness & Mutations

You are too large for most types of armour.
You have tough skin. (AC +1)


Message History

You hit the gnoll but do no damage.
The gnoll struggles against the net.
You catch the helpless gnoll completely off-guard!
You hit the gnoll but do no damage.
The gnoll struggles against the net. x2
The net rips apart, and the gnoll comes free!
You aren't carrying any items that you can evoke.
Okay, then.
You hit the gnoll.
The gnoll is lightly wounded.
The gnoll closely misses you.
You hit the gnoll but do no damage.
The gnoll is lightly wounded.
The gnoll barely misses you.
You closely miss the gnoll.
The gnoll is lightly wounded.
The gnoll hits you with a halberd!
* * * LOW HITPOINT WARNING * * *
You barely miss the gnoll.
The gnoll is lightly wounded.
The gnoll hits you with a halberd!
You die...

. ###### ###
<..... ...
)######### #(#
.#.......# #(#
.#.#####.# #.#(#
.#..# #.# #.#.#
....# #.# #.#g#
##..####.# #.#@#
.........# #.#.#
.........# #.#.#
......#.## #...#
......#.#######..#
#######.##.......#
# #.........># #
####.....### #
#.....#


You could see a gnoll.

Vanquished Creatures
  2 gnolls (D:3)
  2 adders (D:2)
  A worm (D:3)
  A dart slug (D:1)
  A leopard gecko (D:3)
  An orc (D:3)
  A ball python (D:1)
  2 giant cockroaches (D:1)
  7 goblins
  4 hobgoblins
  4 jackals (D:2)
  2 quokkas (D:3)
  7 bats
  6 frilled lizards
  4 kobolds
  8 rats
53 creatures vanquished.

Notes
Turn   | Place    | Note
-------+----------+-------------------------------------------
     0 | D:1      | Lianjan the Ogre Hunter began the quest for the Orb.
     0 | D:1      | Reached XP level 1. HP: 22/22 MP: 1/1
   250 | D:1      | Reached XP level 2. HP: 29/29 MP: 2/2
  1370 | D:1      | Reached XP level 3. HP: 37/37 MP: 3/3
  1992 | D:2      | Reached skill level 1 in Maces & Flails
  2699 | D:2      | Reached XP level 4. HP: 38/45 MP: 4/4
  3688 | D:3      | Reached skill level 1 in Stealth
  3697 | D:3      | HP: 1/48 [gnoll/halberd (14)]
  3698 | D:3      | Mangled by a gnoll

Vault maps used:
D:1:      nzn_arrival_depleted_hourglass, minivault_14
D:3:      ebering_ghost_sewer_f, corexii_shack

Skill      XL: |  1  2  3  4 |
---------------+-------------+-----
Dodging        | 2 |  2.4
Fighting       | 3 |  3.6
Maces & Flails | 1 |  1.7
Stealth        | 1 |  1.0
Throwing       | |  4.5

Action                   |  1- 3 |  4- 6 || total
-------------------------+-------+-------++-------
Melee: Short sword       |    47 |       ||    47
       Club              |    69 |       ||    69
       Mace              |    28 |    54 ||    82
Throw: Stone             |     4 |       ||     4
       Large rock        |     2 |     8 ||    10
       Throwing net      |       |     2 ||     2
 Stab: Sleeping          |     1 |       ||     1
       Held in net/web   |       |     1 ||     1
  Eat: Chunk             |     6 |     3 ||     9
Armor: Robe              |    46 |    17 ||    63
Dodge: Dodged            |    79 |    30 ||   109

Table legend:
 A = Spawn XP
 B = Non-spawn XP
 C = Spawn XP percentage of total XP
 D = Spawn monster count
 E = Non-spawn monster count
 F = Spawn count percentage of total count
 G = Total turns spent on level
                    A         B        C        D         E        F      G
               +---------+---------+-------+---------+---------+-------+---------
         Total |       0 |     137 |   0.0 |       0 |      53 |   0.0 |  3698
               +---------+---------+-------+---------+---------+-------+---------
           D:1 |       0 |      37 |   0.0 |       0 |      24 |   0.0 |  1900
           D:2 |       0 |      51 |   0.0 |       0 |      17 |   0.0 |  1119
           D:3 |       0 |      49 |   0.0 |       0 |      12 |   0.0 |   679
               +---------+---------+-------+---------+---------+-------+---------
